 Dungeon Crawl Stone Soup version 0.26-a0-1060-g086102a3f0 (webtiles) character file.

Game seed: 4148759581538945970

145423 night the Earth Mage (level 16, -2/130 HPs)
             Began as a Demonspawn Venom Mage on Dec 11, 2020.
             Was a Believer of Lugonu.
             Slain by a wolf spider (13 damage)
             ... on level 4 of the Spider Nest on Dec 13, 2020.
             The game lasted 02:47:11 (45277 turns).

night the Earth Mage (Demonspawn Venom Mage)       Turns: 45277, Time: 02:47:12

Health: -2/130     AC: 14    Str: 16    XL:     16   Next: 87%
Magic:  0/32       EV: 16    Int: 22    God:    Lugonu [**....]
Gold:   517        SH:  0    Dex: 13    Spells: 3/39 levels left

rFire    . . .     SeeInvis +   b - staff of poison
rCold    . . .     Faith    .   g - +0 buckler
rNeg     + + .     Spirit   +   K - +1 steam dragon scales
rPois    +         Reflect  .   q - +0 helmet {SInv}
rElec    .         Harm     .   t - +2 cloak of Beukebba {rN+ Will- Str+8 Dex-3}
rCorr    .         Rampage  .   l - +0 pair of gloves
Will     .....                  s - +2 pair of boots {Fly}
Stlth    +.........             h - amulet of the acrobat
HPRegen  0.31/turn              p - ring of wizardry
MPRegen  0.46/turn              C - ring of wizardry

@: confused, lethally poisoned (-2 -> -8), flying, repel missiles
A: talons 2, repulsion field 3, demonic guardian 3, negative energy resistance
1, magic shield, magic regeneration
a: Depart the Abyss, Bend Space, Renounce Religion, Stop Flying


You were on level 4 of the Spider Nest.
You worshipped Lugonu.
Lugonu was pleased with you.
You visited 5 branches of the dungeon, and saw 28 of its levels.
You visited the Abyss 1 time.
You also visited: Volcano.

You collected 9696 gold pieces.
You spent 4889 gold pieces at shops.
You paid 4290 gold pieces to Gozag.

Inventory:

Hand Weapons
 a - the +9 trident of Abehishu {vorpal, rF+ Str+5}
   (You took it off a centaur on level 8 of the Dungeon)

   It inflicts extra damage upon your enemies.
   It affects your strength (+5).
   It protects you from fire.
 X - a +3 broad axe of flaming
Missiles
 f - 10 javelins
 i - 123 poisoned darts
 j - 5 silver javelins
 y - 9 atropa-tipped darts
 I - 46 boomerangs
 P - 5 curare-tipped darts
 Y - 6 throwing nets
Armour
 e - the +1 shadow dragon scales of Nemelex Xobeh {Rampage rElec rPois rF+ Stlth++++}
   (You bought it in a shop on level 8 of the Dungeon)

   It protects you from fire.
   It insulates you from electricity.
   It protects you from poison.
   It bestows one free step when moving towards enemies.
   It makes you much more stealthy.
 g - a +0 buckler (worn)
 l - a +0 pair of gloves (worn)
 q - a +0 helmet of see invisible (worn)
 s - a +2 pair of boots of flying (worn)
 t - the +2 cloak of Beukebba (worn) {rN+ Will- Str+8 Dex-3}
   (You bought it in a shop on level 2 of the Orcish Mines)

   It affects your strength (+8).
   It affects your dexterity (-3).
   It protects you from negative energy.
   It affects your willpower, your defense against some magical effects.
 K - +1 steam dragon scales (worn)
 O - the +1 scale mail of Responsibility {Str+3 Int+4 Dex-4}
   (You bought it in a shop on level 8 of the Dungeon)

   It affects your strength (+3).
   It affects your intelligence (+4).
   It affects your dexterity (-4).
Magical Staves
 b - an uncursed staff of poison (weapon)
 W - an uncursed staff of conjuration
Jewellery
 h - an amulet of the acrobat (around neck)
 p - a ring of wizardry (left hand)
 C - a ring of wizardry (right hand)
 J - an uncursed ring of protection from fire
 L - the ring of Shadows {Umbra +Inv Stlth+}
   (You found it on level 6 of the Lair of Beasts)

   [ring of stealth]

   It lets you turn invisible.
   It makes you more stealthy.
 N - the ring "Luqoj" {+Inv rPois Int+2}
   (You found it on level 7 of the Dungeon)

   [ring of poison resistance]

   It affects your intelligence (+2).
   It protects you from poison.
   It lets you turn invisible.
 T - an uncursed ring of willpower
 V - an uncursed ring of ice
Wands
 u - a wand of random effects (13)
 A - a wand of acid (39)
 F - a wand of iceblast (31)
 H - a wand of digging (6)
 Q - a wand of paralysis (16)
 S - a wand of polymorph (17)
Scrolls
 c - 19 scrolls of remove curse
 m - a scroll of magic mapping
 r - a scroll of vulnerability
 v - 2 scrolls of identify
 w - 5 scrolls of fear
 x - a scroll of fog
Potions
 d - 5 potions of flight
 k - 4 potions of magic
 n - 7 potions of attraction
 o - 3 potions of ambrosia
 z - a potion of berserk rage
 D - 2 potions of lignification
 E - 8 potions of curing
 G - 3 potions of invisibility
 M - a potion of cancellation
 R - 3 potions of haste
 U - 3 potions of might
Miscellaneous
 Z - a condenser vane


   Skills:
 - Level 13.0 Fighting
 - Level 1.7 Dodging
 - Level 1.7 Stealth
 - Level 4.0 Shields
 - Level 12.3 Spellcasting
 + Level 12.4 Conjurations
 - Level 0.8 Transmutations
 * Level 15.5 Earth Magic
 - Level 12.3 Poison Magic


You had 3 spell levels left.
You knew the following spells:

 Your Spells              Type           Power        Failure   Level
a - Sting                 Tmut/Pois      ####         1%          1
b - Poisonous Vapours     Pois/Air       ######       1%          2
c - Ignite Poison         Fire/Tmut/Pois #####...     1%          3
d - Olgreb's Toxic Radia  Pois           #######.     1%          4
e - Mephitic Cloud        Conj/Pois/Air  ######..     1%          3
f - Statue Form           Tmut/Erth      #####....    7%          6
g - Iron Shot             Conj/Erth      ######....   1%          6
h - Iskenderun's Mystic   Conj/Tloc      #####...     1%          4
i - Orb of Destruction    Conj           ######....   7%          7

Your spell library contained the following spells:

 Spells                   Type           Power        Failure   Level
 Corona                   Hex            ##.....      1%          1
 Freeze                   Ice            ##..         1%          1
 Magic Dart               Conj           ####         1%          1
 Searing Ray              Conj           ######       1%          2
 Dazzling Flash           Conj/Hex       #####.       1%          3
 Ensorcelled Hibernation  Hex/Ice        ##....       2%          2
 Confusing Touch          Hex            ##......     4%          3
 Frozen Ramparts          Ice            ##....       4%          3
 Gell's Gravitas          Tloc           ##........   4%          3
 Ozocubu's Armour         Ice            ##......     4%          3
 Tukima's Dance           Hex            ##......     4%          3
 Fulminant Prism          Conj/Hex       #####.....   1%          4
 Hailstorm                Conj/Ice       #####...     1%          4
 Petrify                  Tmut/Erth      #####...     1%          4
 Bolt of Magma            Conj/Fire/Erth ######....   1%          5
 Iskenderun's Battlesphe  Conj           ######..     1%          5
 Irradiate                Conj/Tmut      #####.....   2%          5
 Summon Ice Beast         Ice/Summ       ##......     13%         4
 Summon Lightning Spire   Summ/Air       ##......     13%         4
 Conjure Ball Lightning   Conj/Air       #####.....   16%         6
 Yara's Violent Unravell  Hex/Tmut       ###.......   28%         5
 Metabolic Englaciation   Hex/Ice        ##........   32%         5
 Silence                  Hex/Air        ##........   32%         5
 Spellforged Servitor     Conj/Summ      #####.....   58%         7
 Hydra Form               Tmut           ###.......   75%         6
 Dragon Form              Tmut           ###.......   99%         7
 Ignition                 Fire           ##........   100%        8
 Tornado                  Air            ##........   100%        9


Dungeon Overview and Level Annotations

Branches:
Dungeon (15/15)            Temple (1/1) D:7            Lair (6/6) D:11
 Shoals (0/4) Lair:4       Spider (4/4) Lair:4        Slime (0/5) Lair:6
    Orc (2/2) D:10            Elf (0/3) Orc:2        Vaults (0/5) D:14
 Depths (0/5) D:15        Volcano (visited)

Altars:
Ashenzari
Cheibriados
Dithmenos
Elyvilon
Fedhas
Gozag
Hepliaklqana
Kikubaaqudgha
Makhleb
Nemelex Xobeh
Okawaru
Qazlal
Ru
Sif Muna
Trog
Uskayaw
Vehumet
Wu Jian
Xom
Yredelemnul
Zin
The Shining One
Beogh

Shops:
D:4 !*   D:8 [!   D:11 *   D:12 }   D:14 =[   Orc:2 *=*[(

Annotations:
Spider:2 3 runed translucent doors, Byruo's ghost, adept SpFi


Innate Abilities, Weirdness & Mutations

You have razor-sharp toenails.
You are surrounded by a strong repulsion field. (EV +4, RMsl)
A powerful demonic guardian rushes to your aid.
You resist negative energy. (rN+)
When hurt, damage is shared between your health and your magic reserves.
You regenerate magic rapidly.


Message History

You feel sick.
Your cacodemon gestures at the wolf spider.
The wolf spider twists and deforms.
You're too confused to cast spells.
You feel sick.
The wolf spider hits your cacodemon but does no damage.
The wolf spider bites your cacodemon.
A wolf spider comes into view.
Your cacodemon hits the wolf spider! x2
You feel sick.
You're too confused to cast spells.
You feel sick. The wolf spider completely misses you.
The wolf spider bites you!
* * * LOW HITPOINT WARNING * * *
The wolf spider barely misses you. The wolf spider closely misses you.
You're too confused to move!
You feel sick. The wolf spider barely misses you. The wolf spider bites you!
* * * LOW HITPOINT WARNING * * *
The wolf spider hits you!!
You die...

#...............
##..............
#^........^.........
#...................
#............^#.....
###.................
###...........#......
#.#...........<...^..
###...@s2.s...........^
#^...^#...†.....†......
##..............###....
##.............## ..(≈
##..............# ..$.
#...............# ^..^
##.............## ....
#....^.^^.....# ^[.^
##....#.......# ....


You could see 2 wolf spiders and a friendly cacodemon (summoned).

Vanquished Creatures
  An orc warlord (Orc:2)
  Louise (Spider:1)
  3 entropy weavers
  A dire elephant (D:15)
  3 vault guards (D:14)
  6 boulder beetles
  6 hydras
  A catoblepas (Lair:6)
  Erica (D:9)
  2 centaur warriors
  A deep troll shaman (Lair:6)
  2 orc high priests (Orc:2)
  2 tengu warriors
  9 two-headed ogres
  19 death yaks
  A thrashing horror (Abyss:2)
  An ogre mage (D:15)
  2 skeletal warriors (D:11)
  A wretched star (Abyss:2)
  A large abomination (Abyss:2)
  A shadow wraith (D:14)
  3 unseen horrors
  Pikel (D:5)
  A harpy (Lair:1)
  7 orb spiders
  An orc knight (Orc:2)
  11 ugly things
  5 orc sorcerers (Orc:2)
  13 wolf spiders
  7 cyclopes
  3 deep elf magi
  An oklob plant (Lair:4)
  8 elephants
  3 manticores
  A salamander (D:15)
  5 black mambas
  2 smoke demons (Abyss:2)
  4 gargoyles
  Maggie (D:6)
  5 cane toads
  8 komodo dragons
  An efreet (D:11)
  3 rime drakes
  A freezing wraith (D:15)
  A hellwing (Volcano)
  7 demonic crawlers
  A merfolk (Lair:4)
  3 polar bears
  A harpy zombie (D:15)
  4 hornets
  2 meliai (Lair:5)
  A queen bee (Lair:5)
  12 trolls
  19 jumping spiders
  17 blink frogs
  6 slime creatures
  7 raiju (Abyss:2)
  A centaur simulacrum (D:15)
  A ynoxinul (Abyss:2)
  Sigmund (D:6)
  19 tarantellas
  A vampire (D:14)
  32 redbacks
  A wraith (D:13)
  45 yaks
  3 wyverns
  A water elemental (D:11)
  3 fire bats (Lair:2)
  6 basilisks
  3 steam dragons
  A chaos spawn (Abyss:2)
  A warg (Orc:2)
  2 soldier ants
  13 water moccasins
  An acid dragon (D:12)
  Duvessa (D:5)
  29 orc warriors
  2 sky beasts
  2 eyes of draining
  6 ice beasts
  15 ogres
  A necrophage (D:10)
  2 phantoms
  8 black bears
  A starcursed mass (Abyss:2)
  21 wolves
  16 centaurs
  3 big kobolds
  Blork the orc (D:5)
  15 bullfrogs
  A gnoll sergeant (Orc:1)
  A water moccasin zombie (D:10)
  3 wyvern skeletons
  Dowan (D:5)
  39 killer bees
  4 scorpions
  9 electric eels
  11 wights
  8 howler monkeys
  3 centaur zombies
  A crimson imp (D:8)
  2 bullfrog zombies
  5 centaur skeletons
  30 orc priests
  5 hounds
  5 jellies
  A gnoll shaman (D:4)
  A bullfrog skeleton (D:6)
  An iguana (shapeshifter) (D:8)
  An iron imp (Abyss:2)
  5 iguanas
  2 hell rats (Lair:5)
  14 worker ants
  39 orc wizards
  A small abomination (Abyss:2)
  A hound skeleton (D:7)
  A howler monkey zombie (D:7)
  2 worker ant zombies (D:5)
  15 gnolls
  19 adders
  2 shadow imps (D:7)
  2 white imps
  An ufetubus (D:10)
  An adder zombie (D:8)
  An adder skeleton (D:6)
  4 worms
  A leopard gecko (D:7)
  101 orcs
  A ball python (D:4)
  7 bats
  8 giant cockroaches
  6 goblins
  4 hobgoblins
  6 jackals
  7 quokkas
  A frilled lizard (D:3)
  A goblin skeleton (D:8)
  A goblin zombie (D:8)
  2 jackal skeletons
  14 kobolds
  An orc skeleton (D:8)
  An orc zombie (D:8)
  5 rats
908 creatures vanquished.

Vanquished Creatures (collateral kills)
  2 ghost moths
  A vault guard (D:14)
  Harold (Lair:1)
  2 hydras
  A centaur warrior (D:14)
  3 two-headed ogres
  3 death yaks
  2 thrashing horrors (Abyss:2)
  An orc high priest (Orc:2)
  A skeletal warrior (D:11)
  2 orc knights (Orc:2)
  A salamander (shapeshifter) (D:11)
  3 wolf spiders
  An orc sorcerer (Orc:2)
  2 oklob plants (Lair:5)
  3 elephants
  A smoke demon (Abyss:2)
  4 black mambas
  4 cane toads
  An orange demon (Abyss:2)
  A rime drake (Lair:5)
  2 hellwings (Abyss:2)
  A tormentor (Abyss:2)
  A meliai (Lair:5)
  4 raiju (Abyss:2)
  2 slime creatures
  A blink frog (Lair:1)
  2 small abominations (Abyss:2)
  3 redbacks
  A tarantella (Spider:4)
  A flying skull (Abyss:2)
  A wyvern (Lair:5)
  A chaos spawn (Abyss:2)
  6 yaks
  A large abomination (Abyss:2)
  3 water moccasins
  A floating eye (shapeshifter) (Abyss:2)
  4 orc warriors
  A wolf (Lair:6)
  2 centaurs
  2 bullfrogs
  3 killer bees (D:8)
  A wight (D:8)
  A starcursed mass (Abyss:2)
  2 hounds
  4 orc wizards
  3 orc priests
  Jessica (D:3)
  A worker ant (D:8)
  2 white imps
  3 orcs
  A jackal (D:4)
  A quokka (D:5)
  A hobgoblin zombie (D:8)
  4 kobold skeletons (D:8)
  2 kobold zombies (D:8)
  An orc zombie (D:8)
111 creatures vanquished.

Vanquished Creatures (others)
  A water elemental (D:11)
  A shadow (D:14)
  A tarantella (Spider:3)
  A water moccasin skeleton (D:11)
  A killer bee (Lair:5)
  An electric eel (D:11)
  17 fungi
  37 plants
60 creatures vanquished.

Grand Total: 1079 creatures vanquished

Notes
Turn   | Place    | Note
-------+----------+-------------------------------------------
     0 | D:1      | night the Demonspawn Venom Mage began the quest for the
                  | Orb.
     0 | D:1      | Reached XP level 1. HP: 13/13 MP: 3/3
   585 | D:1      | Gained mutation: A weak demonic guardian rushes to your
                  | aid. [demonic ancestry]
   585 | D:1      | Reached XP level 2. HP: 17/20 MP: 3/5
   896 | D:1      | Reached skill level 1 in Fighting
  1479 | D:2      | Gained mutation: When hurt, damage is shared between your
                  | health and your magic reserves. [demonic ancestry]
  1479 | D:2      | Reached XP level 3. HP: 26/26 MP: 3/6
  2037 | D:2      | Learned a level 3 spell: Mephitic Cloud
  2041 | D:2      | Learned a level 3 spell: Ignite Poison
  2253 | D:3      | Found a glowing silver altar of Zin.
  2276 | D:3      | Noticed Jessica
  2355 | D:3      | Killed Jessica
  2356 | D:3      | Reached skill level 2 in Fighting
  2356 | D:3      | Reached XP level 4. HP: 33/33 MP: 4/8
  3568 | D:4      | Gained mutation: You are surrounded by a mild repulsion
                  | field. (EV +2) [demonic ancestry]
  3568 | D:4      | Reached XP level 5. HP: 32/39 MP: 1/9
  4399 | D:4      | Found Qiru's Distillery.
  4469 | D:4      | Found Rilamoj's General Store.
  4769 | D:4      | Noticed an ogre
  4777 | D:4      | Killed an ogre
  4778 | D:4      | Reached XP level 6. HP: 47/47 MP: 7/11
  4783 | D:4      | Learned a level 4 spell: Olgreb's Toxic Radiance
  5052 | D:4      | Found a hide-covered altar of Uskayaw.
  5086 | D:4      | Reached skill level 5 in Poison Magic
  5502 | D:5      | Entered Level 5 of the Dungeon
  5518 | D:5      | Learned a level 2 spell: Poisonous Vapours
  5624 | D:5      | Gained mutation: You are surrounded by a moderate repulsion
                  | field. (EV +3) [demonic ancestry]
  5624 | D:5      | Reached XP level 7. HP: 54/54 MP: 8/13
  6001 | D:5      | Noticed Dowan
  6003 | D:5      | Noticed Duvessa
  6010 | D:5      | Killed Dowan
  6014 | D:5      | Killed Duvessa
  6309 | D:5      | Reached skill level 5 in Spellcasting
  6687 | D:5      | Reached skill level 5 in Fighting
  6693 | D:5      | Noticed Blork the orc
  6709 | D:5      | Killed Blork the orc
  6734 | D:5      | Noticed Pikel
  6762 | D:5      | Gained mutation: A demonic guardian rushes to your aid.
                  | [demonic ancestry]
  6762 | D:5      | Reached XP level 8. HP: 62/62 MP: 2/15
  6764 | D:5      | Killed Pikel
  7367 | D:6      | Noticed Maggie
  7375 | D:6      | Killed Maggie
  8065 | D:6      | Reached XP level 9. HP: 71/71 MP: 10/18
  8220 | D:6      | Noticed Sigmund
  8226 | D:6      | Killed Sigmund
  8759 | D:7      | Found a basalt altar of Yredelemnul.
  8817 | D:7      | Got a transparent lapis lazuli ring
  8895 | D:7      | Found an ancient bone altar of Kikubaaqudgha.
  8895 | D:7      | Found an ornate altar of the Wu Jian Council.
  9026 | D:7      | Found a shimmering blue altar of Sif Muna.
  9038 | D:7      | Found a hazy altar of Hepliaklqana.
  9039 | D:7      | Found a sparkling altar of Nemelex Xobeh.
  9497 | D:7      | Found a staircase to the Ecumenical Temple.
  9562 | Temple   | Entered the Ecumenical Temple
  9609 | Temple   | Became a worshipper of Gozag Ym Sagoz the Greedy
  9749 | D:7      | Found a glowing golden altar of the Shining One.
 10178 | D:8      | Identified the +9 trident of Abehishu {vorpal, rF+ Str+5}
 10321 | D:8      | Noticed a two-headed ogre
 10324 | D:8      | Killed a two-headed ogre
 10325 | D:8      | Gained mutation: You have sharp toenails. [demonic
                  | ancestry]
 10325 | D:8      | Reached XP level 10. HP: 81/81 MP: 19/22
 10936 | D:8      | Noticed a two-headed ogre
 10941 | D:8      | Killed a two-headed ogre
 11068 | D:8      | Noticed a two-headed ogre
 11076 | D:8      | Killed a two-headed ogre
 11212 | D:8      | Found a glowing golden altar of the Shining One.
 11216 | D:8      | Noticed a two-headed ogre
 11233 | D:8      | Killed a two-headed ogre
 11234 | D:8      | Reached skill level 10 in Poison Magic
 11585 | D:8      | Found Aruck's Distillery.
 11593 | D:8      | Bought a potion of curing for 36 gold pieces
 11593 | D:8      | Bought a potion of cancellation for 96 gold pieces
 11670 | D:8      | Got an ebony quarterstaff
 11716 | D:8      | Identified the +5 quarterstaff of Fykesax {flame, rF+ rC+
                  | Str-2} (You found it on level 8 of the Dungeon)
 11802 | D:8      | Noticed a cyclops
 11808 | D:8      | Killed a cyclops
 11896 | D:8      | Bought a scorched scale mail for 279 gold pieces
 11906 | D:8      | Identified the cursed +1 scale mail of Responsibility
                  | {Str+3 Int+4 Dex-4} (You bought it in a shop on level 8 of
                  | the Dungeon)
 12096 | D:9      | Gained mutation: You regenerate magic rapidly. [demonic
                  | ancestry]
 12096 | D:9      | Reached XP level 11. HP: 78/90 MP: 10/24
 12684 | D:9      | Noticed Erica
 12690 | D:9      | Reached skill level 10 in Fighting
 12720 | D:9      | Killed Erica
 13484 | D:9      | Identified the ring "Luqoj" {+Inv rPois Int+2} (You found
                  | it on level 7 of the Dungeon)
 13501 | D:10     | Entered Level 10 of the Dungeon
 13816 | D:10     | Found a staircase to the Orcish Mines.
 13996 | D:10     | Noticed a two-headed ogre
 14001 | D:10     | Killed a two-headed ogre
 14002 | D:10     | Reached skill level 10 in Spellcasting
 14226 | D:10     | Noticed a two-headed ogre
 14234 | D:10     | Killed a two-headed ogre
 14408 | Orc:1    | Entered Level 1 of the Orcish Mines
 14714 | Orc:1    | Found a shimmering altar of Xom.
 15033 | Orc:2    | Entered Level 2 of the Orcish Mines
 15044 | Orc:2    | Noticed an orc sorcerer
 15046 | Orc:2    | Paralysed by an orc sorcerer for 5 turns
 15053 | Orc:2    | Killed an orc sorcerer
 15087 | Orc:2    | Found a staircase to the Elven Halls.
 15633 | Orc:2    | Noticed an orc sorcerer
 15634 | Orc:2    | Noticed an orc high priest
 15639 | Orc:2    | Killed an orc high priest
 15640 | Orc:2    | Gained mutation: You are surrounded by a strong repulsion
                  | field. (EV +4, RMsl) [demonic ancestry]
 15640 | Orc:2    | Reached XP level 12. HP: 95/100 MP: 16/26
 15644 | Orc:2    | Noticed an orc high priest
 15648 | Orc:2    | Noticed an orc warlord
 15650 | Orc:2    | Noticed an orc high priest
 15652 | Orc:2    | Killed an orc high priest
 15670 | Orc:2    | Killed an orc warlord
 15670 | Orc:2    | Killed an orc high priest
 15671 | Orc:2    | Reached skill level 12 in Poison Magic
 16138 | Orc:2    | Reached skill level 12 in Fighting
 16313 | Orc:2    | Found a roughly hewn altar of Beogh.
 16683 | Orc:2    | Found Vuwos's General Store.
 16684 | Orc:2    | Found Losob's Jewellery Emporium.
 16685 | Orc:2    | Found Tuyco's Antique Armour Emporium.
 16685 | Orc:2    | Found Dock's Antique Weapon Shoppe.
 16689 | Orc:2    | Bought a faintly glowing cloak for 294 gold pieces
 16697 | Orc:2    | Identified the +2 cloak of Beukebba {rN+ Will- Str+8 Dex-3}
                  | (You bought it in a shop on level 2 of the Orcish Mines)
 17143 | Orc:2    | Bought a scroll labelled PUHUEKOKKU for 27 gold pieces
 17220 | D:11     | Noticed a death yak
 17223 | D:11     | Found a staircase to the Lair.
 17224 | D:11     | Noticed a death yak
 17224 | D:11     | Noticed a death yak
 17236 | D:11     | Killed a death yak
 17244 | D:11     | Killed a death yak
 17248 | D:11     | Killed a death yak
 17440 | D:11     | Reached skill level 12 in Spellcasting
 17925 | D:11     | Bought a yellowed book for 465 gold pieces
 17925 | D:11     | Bought a paperback book for 465 gold pieces
 18093 | D:11     | Gained mutation: You resist negative energy. (rN+) [demonic
                  | ancestry]
 18093 | D:11     | Reached XP level 13. HP: 85/109 MP: 16/29
 19311 | Lair:1   | Entered Level 1 of the Lair of Beasts
 19351 | Lair:1   | Learned a level 6 spell: Statue Form
 19358 | Lair:1   | Learned a level 6 spell: Iron Shot
 19385 | Lair:1   | Learned a level 4 spell: Iskenderun's Mystic Blast
 19809 | Lair:1   | Reached skill level 1 in Earth Magic
 19845 | Lair:1   | Reached skill level 1 in Conjurations
 19857 | Lair:1   | Reached skill level 2 in Earth Magic
 20197 | Lair:1   | Noticed Harold
 20198 | Lair:1   | Upgraded the game from 0.26-a0-1040-gbe3abf3417 to
                  | 0.26-a0-1053-gaff5f71418
 20207 | Lair:1   | Killed Harold
 20210 | Lair:1   | Reached skill level 2 in Conjurations
 20602 | Lair:2   | Reached skill level 3 in Earth Magic
 20688 | Lair:2   | Found a dark tunnel.
 20697 | Volcano  | Entered a volcano
 21091 | Volcano  | Reached skill level 4 in Earth Magic
 22131 | Lair:3   | Reached skill level 5 in Earth Magic
 22496 | Lair:3   | Reached skill level 6 in Earth Magic
 23623 | Lair:4   | HP: 10/111 [cane toad (15)]
 23627 | Lair:4   | Reached skill level 5 in Conjurations
 23907 | Lair:4   | Found a hole to the Spider Nest.
 24155 | Lair:4   | Reached skill level 7 in Earth Magic
 24568 | Lair:4   | Found a staircase to the Shoals.
 25472 | Lair:5   | Gained mutation: You have razor-sharp toenails. [demonic
                  | ancestry]
 25472 | Lair:5   | Reached XP level 14. HP: 118/118 MP: 30/30
 25704 | Lair:5   | Reached skill level 8 in Earth Magic
 26791 | Lair:5   | Reached skill level 9 in Earth Magic
 27118 | Lair:6   | Entered Level 6 of the Lair of Beasts
 27118 | Lair:6   | Found a staircase to the Slime Pits.
 27846 | Lair:6   | Reached skill level 10 in Earth Magic
 27962 | Lair:6   | Learned a level 7 spell: Orb of Destruction
 28977 | Lair:6   | Reached skill level 11 in Earth Magic
 28994 | Lair:6   | Reached XP level 15. HP: 92/123 MP: 5/31
 29481 | Lair:6   | Found the ring of Shadows {Umbra +Inv Stlth+}
 29496 | Lair:6   | Got an iridescent scimitar
 29496 | Lair:6   | Identified the +3 scimitar of Strategic Superiority {pain,
                  | Stlth+} (You found it on level 6 of the Lair of Beasts)
 29695 | D:11     | Upgraded the game from 0.26-a0-1053-gaff5f71418 to
                  | 0.26-a0-1060-g086102a3f0
 29861 | D:8      | Bought steaming shadow dragon scales for 2635 gold pieces
 29874 | D:8      | Identified the +1 shadow dragon scales of Nemelex Xobeh
                  | {Rampage rElec rPois rF+ Stlth++++} (You bought it in a
                  | shop on level 8 of the Dungeon)
 29876 | D:8      | Bought a faintly glowing robe for 176 gold pieces
 29876 | D:8      | Bought a pair of embroidered boots for 232 gold pieces
 29889 | D:8      | Identified the cursed +1 robe of Binuiv {rElec} (You bought
                  | it in a shop on level 8 of the Dungeon)
 30043 | D:12     | HP: 16/123 [slime creature (6)]
 30048 | D:11     | HP: 13/123 [slime creature (5)]
 31192 | D:12     | Found Kuagizei's Gadget Shop.
 31225 | D:12     | Reached skill level 12 in Earth Magic
 31363 | D:12     | Got a shadowed robe
 31373 | D:12     | Identified the cursed +0 robe of the Pink Corner {Str+2
                  | Slay+2} (You found it on level 12 of the Dungeon)
 33011 | D:14     | Found Cubequli's Armour Emporium.
 33478 | Orc:2    | Bought a +0 buckler for 58 gold pieces
 33845 | D:14     | Found a gate to the Vaults.
 33851 | D:14     | Reached skill level 10 in Conjurations
 33855 | D:14     | Reached skill level 1 in Shields
 34251 | D:14     | HP: 10/123 [something (10)]
 34252 | D:14     | HP: 2/123 [something (9)]
 34672 | D:14     | Found a roughly hewn altar of Beogh.
 34681 | D:14     | Reached skill level 2 in Shields
 34813 | D:15     | Entered Level 15 of the Dungeon
 34845 | D:14     | Reached skill level 13 in Earth Magic
 36544 | D:15     | Gained mutation: A powerful demonic guardian rushes to your
                  | aid. [demonic ancestry]
 36544 | D:15     | Reached XP level 16. HP: 130/130 MP: 20/32
 36577 | D:15     | Found a staircase to the Depths.
 36919 | D:14     | Bought a +0 helmet of see invisible for 126 gold pieces
 37061 | Spider:1 | Entered Level 1 of the Spider Nest
 37493 | Spider:1 | Reached skill level 14 in Earth Magic
 38430 | Spider:1 | Noticed Louise
 38446 | Spider:1 | Cast into level 2 of the Abyss (Louise)
 38636 | Abyss:2  | Noticed a tentacled starspawn
 38752 | Abyss:2  | Noticed a lich
 38909 | Abyss:2  | Noticed a hellephant
 39194 | Abyss:2  | Noticed a bone dragon
 39492 | Abyss:2  | Noticed a lich
 39529 | Abyss:2  | HP: 15/130 [smoke demon/divine providence (6)]
 39531 | Abyss:2  | Found a corrupted altar of Lugonu.
 39541 | Abyss:2  | Noticed a tentacled starspawn
 39543 | Abyss:2  | Fell from the grace of Gozag
 39543 | Abyss:2  | Became a worshipper of Lugonu the Unformed
 39543 | Abyss:2  | Reached * piety under Lugonu
 39545 | Spider:1 | Escaped the Abyss
 39546 | Spider:1 | HP: 14/130 [poisoned by Louise (sting)]
 39547 | Spider:1 | HP: 5/130 [Louise/+0 trident of distortion (12)]
 40112 | Spider:1 | HP: 17/130 [poisoned by a ghost moth]
 41467 | Spider:2 | Found a runed translucent gate.
 41468 | Spider:2 | Found a runed translucent gate.
 41468 | Spider:2 | Found a runed translucent gate.
 41471 | Spider:2 | Noticed Byruo's ghost (adept SpFi)
 41476 | Spider:2 | Found the +1 cloak of Starlight {rElec rC+ EV+4 Stlth--}
 42689 | Spider:2 | Reached skill level 15 in Earth Magic
 42695 | Spider:2 | Reached skill level 12 in Conjurations
 43856 | Spider:3 | Reached ** piety under Lugonu
 44706 | Spider:1 | Killed Louise
 44822 | Spider:4 | Entered Level 4 of the Spider Nest
 45276 | Spider:4 | HP: 16/130 [wolf spider (5)]
 45277 | Spider:4 | Slain by a wolf spider

Illustrated notes

Levels and vault maps discovered:
D:1:      matt_arrival_grand_opening, layout_basic
D:2:      layout_basic
D:3:      layout_loops_ring, overflow_temple_1_default, serial_rivers,
          chequers_serial_rivers_large_a, chequers_serial_rivers_micro_c,
          chequers_serial_rivers_room_a, chequers_serial_rivers_large_b,
          uniq_jessica
D:4:      layout_loops_ring, overflow_temple_1_default, portal_sewer_entry_d,
          serial_shops, shop, shop
D:5:      layout_basic, uniq_pikel, uniq_duvessa, uniq_blork_the_orc
D:6:      layout_loops_corners, uniq_sigmund, uniq_maggie
D:7:      layout_rooms, tso_oasis_becter, chequers_temple_overflow_minitemple,
          nicolae_overflow_crystal_walls, minmay_temple_entry_arrows,
          corner_web_ring
D:8:      minmay_the_grid_octo_tiled_octocenter
          [minmay_the_grid_octo_checkerflower, minmay_the_grid_octo_chip,
          minmay_the_grid_octo_empty, minmay_the_grid_octo_fan_narrow,
          minmay_the_grid_octo_prize_big_c, minmay_the_grid_square_5x5_minimal,
          minmay_the_grid_square_5x5_spiral_small,
          minmay_the_grid_square_5x5_shuriken,
          minmay_the_grid_square_5x5_checkered], layout_gridville, serial_shops,
          shop, nicolae_tso_besieged_by_evil
D:9:      layout_basic, uniq_erica
D:10:     layout_basic, orc_0_dummy, minmay_diced_spiral
D:11:     layout_basic, dpeg_lair_monsters
D:12:     layout_big_octagon, serial_shops, shop
D:13:     layout_loops_ring, chequers_serial_rivers_small_a
D:14:     layout_rooms, lightli_vaults_fourway_checkpoint,
          chequers_serial_rivers_room_a, special_room [special_room_orc],
          serial_shops, shop
D:15:     hangedman_depths_entry_try_elsewhere_first, layout_loops_ring
Temple:   nicolae_temple_god_jail
Lair:1:   layout_hall_layers, grunt_megastairs_2, uniq_harold
Lair:2:   layout_concentric_octagons, nicolae_volcano_entry_batcave,
          beast_lair_carwin_11
Lair:3:   layout_gridlike, grunt_forest_stairs_basic,
          chequers_serial_rivers_micro_a, lemuel_fruit_tree
Lair:4:   layout_layer_cave, elwin_shoals_entry_rooms, dummy_spider_entry,
          grunt_megastairs_1
Lair:5:   regret_index_harrowing_hell_hive, layout_loops_ring,
          serial_bayou_shore_a
Lair:6:   grunt_lair_end_beastmaster, layout_gridlike, slime_dummy
Spider:1: layout_chambers, uniq_louise
Spider:2: layout_spider_delve, gammafunk_ghost_split
Spider:3: layout_chambers
Spider:4: grunt_spider_rune_parallel, special_room [special_room_bee],
          uniq_agnes
Orc:1:    layout_caves, basic_altar
Orc:2:    st_orc_congregation, layout_diamond_mine, basic_altar

Skill      XL: |  1  2  3  4  5  6  7  8  9 10 11 12 13 14 15 16 |
---------------+-------------------------------------------------+-----
Fighting       | 1 2 3 4 5 6 8 9 11 12 13 | 13.0
Spellcasting   | 3 4 5 6 8 9 10 12 | 12.3
Poison Magic   | 4 5 6 7 8 10 11 12 | 12.3
Earth Magic    | 7 11 13 15 | 15.5
Conjurations   | 5 9 10 12 | 12.4
Shields        | 4 |  4.0
Dodging        | |  1.7
Stealth        | |  1.7
Transmutations | |  0.8

Action                   |  1- 3 |  4- 6 |  7- 9 | 10-12 | 13-15 | 16-18 || total
-------------------------+-------+-------+-------+-------+-------+-------++-------
Melee: Unarmed           |    27 |       |       |       |       |       ||    27
       Short sword       |     8 |     4 |       |       |       |       ||    12
       Rapier            |       |    24 |    47 |       |       |       ||    71
       Broad axe         |       |       |   110 |       |       |       ||   110
       Trident           |       |       |     5 |   292 |   691 |   160 ||  1148
       Kick              |       |       |       |    49 |    93 |       ||   142
       Staff             |       |       |       |       |    23 |    38 ||    61
 Cast: Sting             |    54 |    76 |    65 |    67 |   126 |    67 ||   455
       Ignite Poison     |     1 |     2 |    18 |    28 |    65 |    42 ||   156
       Olgreb's Toxic Ra |       |     6 |    19 |    72 |   121 |    59 ||   277
       Poisonous Vapours |       |     2 |    28 |    26 |    44 |    27 ||   127
       Mephitic Cloud    |       |       |     3 |     3 |     6 |       ||    12
       Statue Form       |       |       |       |       |    12 |       ||    12
       Iron Shot         |       |       |       |       |    12 |     4 ||    16
       Iskenderun's Myst |       |       |       |       |     6 |     1 ||     7
       Orb of Destructio |       |       |       |       |     6 |     7 ||    13
Invok: Call Merchant     |       |       |       |     3 |       |     1 ||     4
       Potion Petition   |       |       |       |       |     1 |     2 ||     3
       Depart the Abyss  |       |       |       |       |       |     1 ||     1
Evoke: Wand              |       |       |     5 |     1 |     9 |     7 ||    22
       Condenser vane    |       |       |       |     1 |       |       ||     1
  Use: Scroll            |     3 |     1 |     4 |     6 |    21 |     9 ||    44
       Potion            |       |       |       |     1 |     2 |    10 ||    13
 Stab: Sleeping          |     2 |     1 |       |     1 |     3 |     1 ||     8
       Distracted        |       |     1 |       |     3 |     6 |       ||    10
Armor: Robe              |    15 |     5 |     4 |       |       |       ||    24
       Steam dragon scal |       |       |    34 |    10 |   109 |    70 ||   223
       Scale mail        |       |       |       |    53 |   128 |   102 ||   283
       Skin              |       |       |       |       |    93 |       ||    93
       Shadow dragon sca |       |       |       |       |    16 |    59 ||    75
Dodge: Dodged            |    42 |    60 |   196 |   250 |   814 |   428 ||  1790
       Repelled          |       |       |       |     3 |    15 |     5 ||    23
Block: Buckler           |       |       |       |       |    35 |   126 ||   161

Table legend: (Time is in decaauts)
 A = Elapsed time spent in this place.
 B = Non-inter-level travel time spent in this place.
 C = Inter-level travel time spent in this place.
 D = Time resting spent in this place.
 E = Time spent auto-exploring this place.
 F = Levels seen in this place.
 G = Mean time per level.
                   A        B        C        D        E       F      G
               +--------+--------+--------+--------+--------+-----+--------+
         Total |  46113 |  43848 |   2265 |  12773 |  23297 |  30 | 1537.1 |
       Dungeon |  23634 |  22661 |    973 |   5832 |  12710 |  15 | 1575.6 |
        Temple |     57 |     47 |     10 |      0 |     34 |   1 |   57.0 |
          Lair |  11054 |  10187 |    867 |   3085 |   5479 |   6 | 1842.3 |
   Spider Nest |   6782 |   6535 |    247 |   2756 |   3173 |   4 | 1695.5 |
  Orcish Mines |   2918 |   2751 |    167 |    537 |   1529 |   2 | 1459.0 |
         Abyss |   1129 |   1129 |      0 |    481 |     11 |   1 | 1129.0 |
       Volcano |    535 |    535 |      0 |     82 |    360 |   1 |  535.0 |
               +--------+--------+--------+--------+--------+-----+--------+

Top non-repeatable levels by time:
    D:11: 2935 daAuts
Spider:1: 2784 daAuts
  Lair:4: 2696 daAuts
  Lair:6: 2693 daAuts
     D:8: 2154 daAuts
Spider:2: 1921 daAuts
   Orc:2: 1917 daAuts
  Lair:5: 1880 daAuts
    D:14: 1874 daAuts
     D:5: 1848 daAuts
     D:3: 1839 daAuts
    D:15: 1787 daAuts
Spider:3: 1761 daAuts
     D:4: 1646 daAuts
     D:9: 1523 daAuts
